 Dungeon Crawl Stone Soup version 0.24.1-14-gf8d2b509d9 (webtiles) character file.

Game seed: 2841710706736605551, levelgen mode: deterministic

3037 Descartes the Gouger (level 9, 0/42 HPs)
             Began as a Felid Monk on May 23, 2020.
             Was an Elder of Elyvilon.
             Slain by a yak (10 damage)
             ... on level 1 of the Lair of Beasts.
             The game lasted 00:47:34 (14819 turns).

Descartes the Gouger (Felid Monk)                  Turns: 14819, Time: 00:47:34

Health: 0/42       AC:  2    Str: 11    XL:     9   Next: 56%
Magic:  12/12      EV: 31    Int:  9    God:    Elyvilon [****..]
Gold:   434        SH:  0    Dex: 27    Spells: 7/8 levels left
                                        Lives:  0   Deaths: 3

rFire    . . .     SeeInvis +     - Unarmed
rCold    + . .     Gourm    .   (shield unavailable)
rNeg     . . .     Faith    .   (armour unavailable)
rPois    +         Spirit   .   (helmet unavailable)
rElec    .         Reflect  .   (cloak unavailable)
rCorr    +         Harm     .   (gloves unavailable)
MR       +....                  (boots unavailable)
Stlth    ++++++....             (no amulet)
HPRegen  0.14/turn              z - ring "Tavez" {+Inv rPois rCorr Int-3 Dex+4}
MPRegen  0.13/turn              A - ring "Gumeqoif" {rC+ Str+3 Dex+4}

@: quick
A: very small, no armour, no weapons or thrown items, stealth, claws 1, fangs 3,
see invisible, carnivore, speed 1, low mp 1, shaggy fur 2, slow metabolism 1,
weak 1, sharp paws
a: Lesser Healing, Heal Other, Purification, Greater Healing, Divine Protection,
Renounce Religion, Evoke Invisibility


You were on level 1 of the Lair of Beasts.
You worshipped Elyvilon.
Elyvilon was greatly pleased with you.
You were not hungry.

You visited 3 branches of the dungeon, and saw 11 of its levels.

You collected 461 gold pieces.
You spent 27 gold pieces at shops.

Inventory:

Missiles
 h - 374 stones
 o - 171 arrows
Jewellery
 m - an uncursed ring of protection from cold
 r - an uncursed amulet of regeneration {unknown}
 v - an uncursed ring of protection from cold
 y - the ring "Ymimaoll" {rPois rC++ Str+6 Slay-3}
   (You found it on level 9 of the Dungeon)

   [ring of poison resistance]

   It affects your strength (+6).
   It affects your accuracy and damage with ranged weapons and melee attacks
   (-3).
   It greatly protects you from cold.
   It protects you from poison.
 z - the ring "Tavez" (left paw) {+Inv rPois rCorr Int-3 Dex+4}
   (You found it on level 9 of the Dungeon)

   [ring of resist corrosion]

   It affects your intelligence (-3).
   It affects your dexterity (+4).
   It protects you from poison.
   It lets you turn invisible.
   It provides partial protection from all sources of acid and corrosion.
 A - the ring "Gumeqoif" (right paw) {rC+ Str+3 Dex+4}
   (You found it on level 9 of the Dungeon)

   [ring of protection from cold]

   It affects your strength (+3).
   It affects your dexterity (+4).
   It protects you from cold.
Wands
 d - a wand of paralysis (14)
 e - a wand of flame (13)
Scrolls
 b - 2 scrolls of magic mapping {unknown}
 c - 4 scrolls of remove curse
 f - 3 scrolls of amnesia {unknown}
 k - 2 scrolls of blinking
 l - 3 scrolls of teleportation
 q - a scroll of vulnerability {unknown}
 s - 3 scrolls of fear
 u - 2 scrolls of fog {unknown}
 w - a scroll of identify
Potions
 g - 4 potions of curing
 i - 3 potions of haste
 j - 2 potions of flight
 n - 2 potions of invisibility
 p - a potion of agility
 t - a potion of magic
Miscellaneous
 x - a crystal ball of energy
Comestibles
 a - 19 rations


   Skills:
 + Level 6.9 Fighting
 + Level 10.6 Dodging
 + Level 11.0 Stealth
 * Level 11.1 Unarmed Combat
 + Level 5.2 Evocations


You had 7 spell levels left.
You knew the following spells:

 Your Spells              Type           Power        Failure   Level  Hunger
a - Pain                  Necr           #...         38%         1    ##.....

Your spell library contained the following spells:

 Spells                   Type           Power        Failure   Level  Hunger
 Shock                    Conj/Air       #...         38%         1    ##.....
 Swiftness                Chrm/Air       #.......     52%         2    ###....
 Static Discharge         Conj/Air       #.......     77%         3    ####...
 Airstrike                Air            #.........   99%         4    #####..
 Lightning Bolt           Conj/Air       #.........   100%        5    ######.


Dungeon Overview and Level Annotations

Branches:
Dungeon (9/15)             Temple (1/1) D:7            Lair (1/6) D:9
    Orc: D:9-12

Altars:
Ashenzari
Cheibriados
Dithmenos
Elyvilon
Fedhas
Gozag
Hepliaklqana
Kikubaaqudgha
Makhleb
Nemelex Xobeh
Okawaru
Qazlal
Ru
Sif Muna
Trog
Uskayaw
Vehumet
Wu Jian
Xom
Yredelemnul
Zin
The Shining One
Lugonu

Shops:
D:4 *


Innate Abilities, Weirdness & Mutations

You cannot wear armour.
You are incapable of wielding weapons or throwing items.
Your paws allow you to move quietly. (Stealth)
You have sharp claws.
You have razor-sharp teeth.
You have supernaturally acute eyesight. (SInv)
You are carnivorous and can eat meat at any time.
You cover ground quickly.
You are covered in thick fur. (AC +2)
You have a slow metabolism.
Your sharp claws are effective at attacking unaware monsters.
Your magical capacity is low. (-10% MP)
You are weak. (Str -2)


Message History

The yak misses you.
You scratch the yak.
The yak is almost dead.
The yak closely misses you.
You barely miss the yak.
The yak is almost dead.
The yak barely misses you.
You claw the yak!
You kill the yak!
Your Stealth skill increases to level 11!
You claw the yak! You bite the yak.
The yak is moderately wounded.
The yak completely misses you.
You scratch the yak.
The yak is moderately wounded.
The yak completely misses you.
You scratch the yak but do no damage.
The yak is moderately wounded.
The yak gores you!
You die...

.#.### ......... ##.#
#...#.# # .# #.#..
#....# ##.###.#.#..
#Y#..# ..... .....
#...Y# #..# #...#
#.#.## #.####.# #..####
##.#.#
.......###..##P###....#
#.#######.......@Y..#.#
#.# ##...#######......
..# #...#### ##.####
#.# #......# ### #.#
#..###..... ..## #..#
#### #..# ##>##
#.#######..#
..#P##P##..#


You could see a yak.

Vanquished Creatures
  A cyclops (D:9)
  A gargoyle (D:5)
  A spiny frog (D:9)
  Grinder (D:5)
  3 hippogriffs
  Sigmund (D:3)
  A basilisk (D:9)
  18 yaks
  A water moccasin (D:6)
  An ice beast (D:6)
  5 ogres
  5 sky beasts
  A phantom (D:6)
  A necrophage (D:9)
  5 centaurs
  A crocodile (D:9)
  A big kobold (D:9)
  2 bullfrogs
  A scorpion (D:4)
  A wyvern skeleton (D:9)
  A howler monkey (D:7)
  3 centaur zombies
  3 crimson imps
  A bullfrog zombie (D:5)
  5 hounds
  2 jellies
  6 orc priests
  4 centaur skeletons
  Terence (D:3)
  A bullfrog skeleton (D:6)
  2 iguanas
  Ijyb (D:2)
  Natasha (thrice) (D:3)
  6 orc wizards
  4 worker ants
  A hound zombie (D:5)
  A hound skeleton (D:9)
  A howler monkey skeleton (D:6)
  6 adders
  A shadow imp (D:5)
  2 adder skeletons
  4 adder zombies
  3 worms
  5 leopard geckos
  27 orcs
  2 ball pythons (D:1)
  12 bats
  4 giant cockroaches
  9 goblins
  8 hobgoblins
  17 jackals
  10 kobolds
  8 quokkas
  5 frilled lizards
  A leopard gecko zombie (D:5)
  A quokka zombie (D:9)
  3 rats
226 creatures vanquished.

Notes
Turn   | Place    | Note
-------+----------+-------------------------------------------
     0 | D:1      | Descartes the Felid Monk began the quest for the Orb.
     0 | D:1      | Reached XP level 1. HP: 10/10 MP: 2/2
    49 | D:1      | Reached XP level 2. HP: 1/14 MP: 3/3
   898 | D:1      | Reached XP level 3. HP: 17/17 MP: 4/4
  1617 | D:2      | Reached XP level 4. HP: 21/21 MP: 5/5
  1957 | D:2      | Found an ancient bone altar of Kikubaaqudgha.
  1993 | D:2      | Found a shimmering blue altar of Sif Muna.
  1994 | D:2      | Found a radiant altar of Vehumet.
  1996 | D:2      | Identified Kikubaaqudgha's Handbook of Dark Magic
  2000 | D:2      | Learned a level 1 spell: Pain
  2132 | D:3      | Noticed Ijyb
  2133 | D:3      | Noticed Sigmund
  2172 | D:2      | Paralysed by Ijyb for 3 turns
  2183 | D:2      | Paralysed by Ijyb for 5 turns
  2185 | D:2      | HP: 1/21 [kobold/+0 dagger (3)]
  2186 | D:2      | Slain by a kobold
  2187 | D:2      | Reached XP level 3. HP: -1/17 MP: 4/4
  2224 | D:2      | Found an ancient bone altar of Kikubaaqudgha.
  2554 | D:2      | Killed Ijyb
  2617 | D:3      | Killed Sigmund
  2617 | D:3      | Reached skill level 5 in Dodging
  2617 | D:3      | Reached skill level 5 in Stealth
  2617 | D:3      | Reached skill level 5 in Unarmed Combat
  2617 | D:3      | Reached XP level 4. HP: 14/21 MP: 5/5
  2617 | D:3      | Reached XP level 5. HP: 16/24 MP: 6/6
  2632 | D:3      | Found a blossoming altar of Fedhas.
  2784 | D:3      | Noticed Terence
  2972 | D:3      | Noticed Natasha
  2979 | D:3      | Killed Natasha
  3353 | D:3      | Noticed Natasha
  3365 | D:3      | Killed Natasha
  3365 | D:3      | Gained mutation: You are covered in thick fur. (AC +2)
                  | [Felid growth]
  3365 | D:3      | Reached XP level 6. HP: 13/28 MP: 7/7
  3557 | D:3      | Found a hazy altar of Hepliaklqana.
  3776 | D:3      | Found an iron altar of Okawaru.
  3893 | D:3      | Noticed Natasha
  3921 | D:3      | Killed Natasha
  4118 | D:3      | Found a burning altar of Makhleb.
  4622 | D:4      | Found Wanybomaxt's Assorted Antiques.
  4622 | D:4      | Noticed a sky beast
  4635 | D:3      | Killed a sky beast
  4886 | D:4      | Bought a scroll labeled MYLADI DOIKACE for 27 gold pieces
  5227 | D:4      | Reached XP level 7. HP: 23/31 MP: 8/8
  5700 | D:3      | Found an iron altar of Okawaru.
  5823 | D:3      | Found a burning altar of Makhleb.
  5964 | D:3      | Found a blossoming altar of Fedhas.
  6006 | D:3      | Killed Terence
  6171 | D:3      | Found a hazy altar of Hepliaklqana.
  7143 | D:4      | Reached XP level 8. HP: 34/34 MP: 9/9
  7305 | D:4      | Found Wanybomaxt's Assorted Antiques.
  7607 | D:5      | Entered Level 5 of the Dungeon
  7855 | D:5      | Noticed Grinder
  7881 | D:5      | Killed Grinder
 10535 | D:6      | Noticed a gargoyle
 10556 | D:5      | Killed a gargoyle
 10556 | D:5      | Reached XP level 9. HP: 33/39 MP: 10/10
 10790 | D:6      | Reached skill level 5 in Fighting
 10790 | D:6      | Reached skill level 1 in Evocations
 11029 | D:6      | Gained mutation: You are weak. (Str -2) [potion of
                  | mutation]
 11029 | D:6      | Gained mutation: You are very weak. (Str -4) [potion of
                  | mutation]
 11029 | D:6      | Gained mutation: You expend magic power (3 MP) to
                  | strengthen your wands. [potion of mutation]
 11030 | D:6      | Lost mutation: You are very weak. (Str -4) [potion of
                  | mutation]
 11030 | D:6      | Lost mutation: You expend magic power (3 MP) to strengthen
                  | your wands. [potion of mutation]
 11030 | D:6      | Gained mutation: Your magical capacity is low. (-10% MP)
                  | [potion of mutation]
 11529 | D:7      | Found an opulent altar of Gozag.
 11585 | D:7      | Found a snail-covered altar of Cheibriados.
 11608 | D:7      | Found a shadowy altar of Dithmenos.
 12177 | D:7      | Found a staircase to the Ecumenical Temple.
 12316 | Temple   | Entered the Ecumenical Temple
 12354 | Temple   | Became a worshipper of Elyvilon the Healer
 12354 | Temple   | Reached * piety under Elyvilon
 12354 | Temple   | Reached ** piety under Elyvilon
 12598 | D:8      | Found a sacrificial altar of Ru.
 12835 | D:9      | Reached *** piety under Elyvilon
 12844 | D:9      | Reached XP level 10. HP: 45/45 MP: 12/12
 13081 | D:9      | Noticed a cyclops
 13083 | D:9      | Killed a cyclops
 13083 | D:9      | Reached skill level 10 in Stealth
 13083 | D:9      | Reached skill level 10 in Unarmed Combat
 13087 | D:9      | Got a twitching platinum ring
 13091 | D:9      | Got a warped lead ring
 13101 | D:9      | Got a coiled bronze ring
 13107 | D:9      | Got a heavily runed iron ring
 13146 | D:9      | Identified the ring "Ymimaoll" {rPois rC++ Str+6 Slay-3}
                  | (You found it on level 9 of the Dungeon)
 13148 | D:9      | Identified the ring "Tavez" {+Inv rPois rCorr Int-3 Dex+4}
                  | (You found it on level 9 of the Dungeon)
 13150 | D:9      | Identified the ring "Gumeqoif" {rC+ Str+3 Dex+4} (You found
                  | it on level 9 of the Dungeon)
 13152 | D:9      | Identified the ring "Guqadi" {rPois MR- Dex+5 Stlth+} (You
                  | found it on level 9 of the Dungeon)
 13407 | D:9      | Found a bloodstained altar of Trog.
 13407 | D:9      | Found a glowing silver altar of Zin.
 13412 | D:9      | Found a shimmering altar of Xom.
 13414 | D:9      | Found a shattered altar of Ashenzari.
 13416 | D:9      | Found a sparkling altar of Nemelex Xobeh.
 13541 | D:9      | Reached skill level 10 in Dodging
 13777 | D:9      | Noticed an elephant
 14015 | D:9      | Found a staircase to the Lair.
 14074 | D:9      | Slain by a troll
 14075 | D:9      | Reached XP level 9. HP: 0/42 MP: 12/12
 14415 | D:9      | Reached XP level 10. HP: 46/46 MP: 13/13
 14559 | Lair:1   | Entered Level 1 of the Lair of Beasts
 14562 | Lair:1   | Noticed a spiny frog
 14563 | Lair:1   | Noticed a spiny frog
 14602 | D:9      | Mangled by a spiny frog
 14603 | D:9      | Reached XP level 9. HP: -10/42 MP: 12/12
 14613 | D:9      | Killed a spiny frog
 14613 | D:9      | Reached skill level 5 in Evocations
 14662 | Lair:1   | Reached **** piety under Elyvilon
 14819 | Lair:1   | Slain by a yak

Levels and vault maps discovered:
D:1:      lightli_arrival_chessboard, layout_basic
D:2:      minmay_inner_zag, layout_basic, grunt_temple_overflow_magic_moments,
          nrook_loot_triangle
D:3:      layout_basic, bloody_makhleb, fedhas_altar_2, lemuel_round_altar,
          okawaru_trees_2, uniq_ijyb, uniq_sigmund, uniq_natasha, uniq_terence
D:4:      layout_cave_pools, first_ration, serial_shops, shop_fountains
D:5:      layout_cave_pools, serial_bayou, serial_bayou_lake_a,
          serial_bayou_pond_d, serial_bayou_shore_b, serial_bayou_pond_a,
          uniq_grinder
D:6:      layout_basic
D:7:      layout_loops_ring, cheibriados_altar_1,
          nicolae_overflow_crystal_walls, minmay_temple_entry_proselytizer,
          grunt_ogre_cave, nicolae_dithmenos_shadow_blocks
D:8:      layout_cave_pools, nicolae_ru_path_of_blood
D:9:      minmay_the_grid_triangle_9x9_recursive_2
          [minmay_the_grid_triangle_9x9_prize_special,
          minmay_the_grid_triangle_9x9_intruding_spiral,
          minmay_the_grid_triangle_9x9_odd_lines,
          minmay_the_grid_triangle_9x9_corrupted_corridor], layout_gridville,
          chequers_temple_overflow_minitemple, david_lair_generic
Temple:   corrupted_temple
Lair:1:   layout_loops_ring, grunt_forest_large_clearings

Skill      XL: |  1  2  3  4  5  6  7  8  9 10 |
---------------+-------------------------------+-----
Stealth        | 3 5 6 7 8 11 10 | 11.0
Unarmed Combat | 5 6 7 8 11 10 | 11.1
Dodging        | 5 6 7 8 9 10 | 10.6
Fighting       | 4 5 6 |  6.9
Evocations     | 5 4 |  5.2

Action                   |  1- 3 |  4- 6 |  7- 9 | 10-12 || total
-------------------------+-------+-------+-------+-------++-------
Melee: Unarmed           |   127 |   156 |   416 |    95 ||   794
       Bite              |    15 |    14 |    60 |    12 ||   101
       Punch             |       |     7 |    24 |     6 ||    37
Evoke: Wand              |       |       |       |     5 ||     5
  Use: Scroll            |     4 |     1 |     8 |     4 ||    17
       Potion            |     3 |       |     7 |     1 ||    11
 Stab: Sleeping          |    11 |    13 |    21 |    13 ||    58
       Invisible         |     2 |       |       |       ||     2
       Distracted        |     1 |       |     1 |       ||     2
  Eat: Chunk             |    12 |     9 |    22 |     2 ||    45
Armor: Skin              |     3 |     4 |    14 |     4 ||    25
Dodge: Dodged            |   107 |   122 |   307 |    63 ||   599
